AoeStats
← RagnarLothbrok

Black Forest

509947217Analyzed
4v4 RM · 2d ago on Sep 28, 2026· 72m 44s· 8 players
Game mode
Random Map
Map size
Large (8 player)
Population
200
Speed
Normal
Resources
Standard
Victory
Conquest
Starting age
Dark Age
Ending age
Imperial Age
RankedLock teamsTeams togetherTeam positionsShared explorationLock speedFull tech treeHidden civsTurbo modeCheats
Victory
Defeat
🇩🇪 Khmer · Germany
1355
+12
🇷🇺 Britons · Russia
1268
+16
🇫🇮 Dravidians · Finland
1263
+16
🇫🇷 Italians · France
1261
+16
🇻🇪 Mongols · Venezuela
1357
-19
🇲🇽 Spanish · Mexico
1321
-17
🇧🇷 Turks · Brazil
1249
-14
🇸🇮 Saxons · Slovenia
1149
-10
Aei
0:34 Loom
16:09 Feudal Age
21:33 Castle Age
20:27 Stone Mining
20:27 Double-Bit Axe
21:02 Stone Mining
22:35 Bow Saw
30:24 Fletching
32:31 Bodkin Arrow
35:29 Wheelbarrow
34:39 Town Watch
35:43 Horse Collar
35:55 Gold Mining
36:40 Stone Shaft Mining
37:36 Padded Archer Armor
40:53 Imperial Age
38:40 Heavy Plow
41:27 Ballistics
42:57 Two-Man Saw
42:15 Hand Cart
43:52 Chemistry
44:31 Conscription
45:32 Scale Barding Armor
45:37 Forging
45:41 Light Cavalry
46:31 Bloodlines
46:22 Husbandry
47:30 Chain Barding Armor
47:46 Iron Casting
47:42 Hussar
49:03 Plate Barding Armor
51:09 Blast Furnace
55:10 Elite Genoese Crossbowman
55:50 Bracer
56:06 Leather Archer Armor
60:09 Ring Archer Armor
71:10 Treadmill Crane
71:41 Masonry
Saladin
1:03 Loom
12:09 Feudal Age
15:35 Castle Age
13:52 Double-Bit Axe
13:47 Horse Collar
19:24 Bow Saw
19:38 Heavy Plow
24:27 Gold Mining
25:28 Wheelbarrow
28:53 Imperial Age
30:33 Gold Shaft Mining
30:05 Caravan
29:40 Man-at-Arms
29:50 Pikeman
30:10 Heavy Scorpion
31:53 Double Crossbow
32:14 Conscription
31:31 Halberdier
32:14 Fletching
32:26 Scale Mail Armor
32:38 Forging
32:57 Bodkin Arrow
33:22 Chain Mail Armor
34:53 Chemistry
34:04 Masonry
35:06 Iron Casting
34:32 Bracer
36:34 Siege Engineers
36:59 Architecture
37:00 Bloodlines
36:51 Husbandry
36:12 Light Cavalry
39:05 Hussar
39:52 Scale Barding Armor
40:48 Blast Furnace
42:25 Chain Barding Armor
60:33 Plate Barding Armor
63:38 Ballistics
63:09 Heated Shot
63:15 Murder Holes
63:21 Padded Archer Armor
62:45 Elite Ballista Elephant
63:26 Tusk Swords
DJAKONDA
10:43 Feudal Age
12:50 Double-Bit Axe
17:07 Castle Age
26:41 Imperial Age
24:42 Fletching
26:04 Ballistics
27:44 Conscription
27:31 Bodkin Arrow
28:10 Padded Archer Armor
29:20 Bracer
29:54 Yeomen
30:50 Leather Archer Armor
31:52 Chemistry
38:06 Elite Longbowman
41:39 Ring Archer Armor
46:24 Bow Saw
51:58 Wheelbarrow
66:52 Two-Man Saw
Sunday x Junior
7:07 Loom
11:54 Feudal Age
12:23 Double-Bit Axe
13:30 Fletching
17:40 Castle Age
15:39 Horse Collar
18:35 Bow Saw
20:40 Bodkin Arrow
22:53 Heavy Plow
27:23 Wheelbarrow
29:50 Padded Archer Armor
31:01 Hand Cart
32:19 Ballistics
35:51 Imperial Age
35:08 Leather Archer Armor
35:32 Thumb Ring
36:35 Bracer
37:38 Chemistry
36:02 Elite Elephant Archer
37:20 Conscription
37:09 Medical Corps
41:40 Ring Archer Armor
41:10 Scale Mail Armor
41:21 Forging
45:40 Scale Barding Armor
46:10 Iron Casting
46:38 Guilds
46:29 Caravan
48:58 Chain Barding Armor
49:37 Chain Mail Armor
53:42 Town Watch
54:29 Plate Mail Armor
54:59 Blast Furnace
68:47 Siege Elephant
Agro
1:08 Loom
22:07 Feudal Age
24:58 Double-Bit Axe
34:57 Castle Age
35:09 Fletching
35:19 Padded Archer Armor
36:47 Bodkin Arrow
41:41 Leather Archer Armor
42:44 Elite Skirmisher
46:38 Thumb Ring
53:15 Imperial Age
54:46 Forging
54:36 Scale Mail Armor
Revontheus
7:55 Loom
11:45 Feudal Age
16:24 Castle Age
14:13 Double-Bit Axe
14:11 Horse Collar
17:52 Bow Saw
17:45 Heavy Plow
23:19 Wheelbarrow
24:47 Caravan
27:25 Stone Mining
27:28 Gold Mining
30:58 Imperial Age
28:42 Fletching
28:52 Padded Archer Armor
28:35 Treadmill Crane
29:34 Gold Shaft Mining
28:57 Town Watch
30:15 Bodkin Arrow
30:35 Leather Archer Armor
31:04 Scale Barding Armor
32:23 Bombard Tower
32:46 Bloodlines
32:37 Husbandry
33:00 Chain Barding Armor
32:51 Forging
33:11 Ring Archer Armor
33:30 Artillery
33:51 Conscription
34:26 Hand Cart
34:40 Bracer
36:17 Plate Barding Armor
37:01 Guilds
39:03 Ballistics
38:53 Masonry
40:20 Town Patrol
40:59 Iron Casting
41:23 Architecture
41:03 Fortified Wall
42:27 Coinage
43:11 Murder Holes
44:18 Blast Furnace
44:01 Banking
44:34 Two-Man Saw
43:15 Heavy Camel Rider
49:32 Scale Mail Armor
RagnarLothbrok
11:27 Feudal Age
12:41 Horse Collar
12:47 Double-Bit Axe
15:58 Castle Age
15:17 Scale Barding Armor
16:37 Bloodlines
16:56 Bow Saw
23:32 Heavy Plow
25:20 Wheelbarrow
24:31 Loom
26:32 Gold Mining
31:59 Imperial Age
29:55 Stone Mining
32:02 Chain Barding Armor
32:05 Onager
33:50 Chemistry
33:36 Fletching
34:34 Forging
34:18 Light Cavalry
35:19 Bodkin Arrow
35:02 Capped Ram
37:28 Drill
38:13 Siege Ram
40:24 Caravan
40:59 Bracer
40:31 Siege Onager
45:26 Elite Mangudai
47:24 Iron Casting
46:10 Hussar
48:45 Padded Archer Armor
49:32 Thumb Ring
50:17 Leather Archer Armor
50:29 Parthian Tactics
52:27 Ballistics
53:48 Conscription
53:42 Husbandry
m00n
0:29 Loom
11:42 Feudal Age
15:54 Castle Age
14:28 Double-Bit Axe
14:46 Horse Collar
16:53 Wheelbarrow
18:17 Bow Saw
18:09 Heavy Plow
25:15 Stone Mining
30:57 Imperial Age
28:46 Hand Cart
31:25 Gold Mining
31:58 Fortified Wall
31:58 Masonry
31:54 Siege Engineers
32:15 Capped Ram
33:13 Thumb Ring
33:01 Fletching
33:12 Padded Archer Armor
34:11 Gold Shaft Mining
33:17 Elite Skirmisher
34:38 Bodkin Arrow
34:58 Leather Archer Armor
35:19 Ballistics
36:00 Chemistry
35:32 Architecture
37:13 Bracer
37:28 Leather Archer Armor
38:10 Coinage
39:11 Crop Rotation
41:40 Ring Archer Armor
41:53 Squires
41:39 Arson
42:00 Scale Mail Armor
44:39 Two-Man Saw
47:50 Banking
49:39 Pikeman
50:33 Forging
50:40 Chain Mail Armor
50:45 Halberdier
53:00 Plate Mail Armor
54:58 Iron Casting
Connection lost

Rejoining the realm…

Still unreachable

The connection could not be restored.

Session expired

The server has moved on; the page needs a fresh start.